 Dungeon Sprint DCSS version 0.17.1-1-g73c8601 (webtiles) character file.

622 Clownie the Brawler (level 7, -7/99 HPs)
             Began as a Troll Berserker on Dec 26, 2015.
             Was a Priest of Trog.
             Mangled by a centaur warrior (12 damage)
             ... in the Dungeon (Sprint I: "Red Sonja").
             The game lasted 00:00:58 (360 turns).

Clownie the Brawler (Troll Berserker)                Turns: 360, Time: 00:00:58

Health: -7/99      AC:  5    Str: 33    XL:     7   Next: 22%
Magic:  6/6        EV: 10    Int:  3    God:    Trog [***...]
Gold:   297        SH:  0    Dex:  9    Spells: 0 memorised, 6 levels left

rFire  . . .     SeeInvis .       - Unarmed
rCold  . . .     Clarity  .     a - +0 animal skin
rNeg   . . .     SustAt   .     (no shield)
rPois  .         Gourm    +     (helmet restricted)
rElec  .         Spirit   .     (no cloak)
rCorr  .         Warding  .     (gloves unavailable)
rMut   .         NoTele   +     (boots unavailable)
MR     .....                    (no amulet)
Stlth  ..........               (no ring)
                                (no ring)

@: berserking, very quick, not resistant to hostile enchantments, extremely
unstealthy
A: unfitting armour, claws 3, fast metabolism 3, gourmand, regeneration 2,
shaggy fur 1, tough skin 2
a: Berserk, Trog's Hand, Burn Spellbooks, Renounce Religion


You were in the Dungeon.
You worshipped Trog.
Trog was most pleased with you.
You were hungry.

You visited 1 branch You collected 297 gold pieces.

Inventory:

Armour
 a - a +0 animal skin (worn)
Wands
 i - a wand of slowing (23)
Scrolls
 h - a scroll of blinking
 j - a scroll of remove curse {unknown}
Potions
 c - a potion of curing
 d - a potion of heal wounds
 e - a potion of haste
 f - 2 potions of magic
 g - a potion of berserk rage
Comestibles
 b - 3 bread rations


   Skills:
 - Level 2.4 Fighting
 - Level 2.4 Dodging
 + Level 15.1 Unarmed Combat


You had 6 spell levels left.
You didn't know any spells.

Dungeon Overview and Level Annotations

Branches:
Dungeon (1/1)

Altars:
Cheibriados
Dithmenos
Elyvilon
Fedhas
Gozag
Kikubaaqudgha
Makhleb
Nemelex Xobeh
Okawaru
Qazlal
Ru
Sif Muna
Trog
Vehumet
Xom
Yredelemnul
Zin
The Shining One
Jiyva

Shops:
D (


Innate Abilities, Weirdness & Mutations

You are too large for most types of armour.
You have claws for hands.
Your metabolism is lightning-fast.
You like to eat raw meat.
You heal very quickly.
You are covered in fur (AC +1).
You have very tough skin (AC +2).


Message History

The centaur warrior hits you!
* * * LOW HITPOINT WARNING * * *
The centaur warrior hits you but does no damage.
The centaur warrior hits you.
* * * LOW HITPOINT WARNING * * *
You barely miss the centaur warrior. You claw the centaur warrior!!
The centaur warrior is heavily wounded.
You barely miss the centaur warrior. You claw the centaur warrior!
The centaur warrior is severely wounded.
The centaur warrior hits you.
* * * LOW HITPOINT WARNING * * *
The centaur warrior barely misses you.
You closely miss the centaur warrior.
The centaur warrior is severely wounded.
The centaur warrior hits you.
* * * LOW HITPOINT WARNING * * *
You scratch the centaur warrior.
The centaur warrior is severely wounded.
The centaur warrior hits you!
You die...

################
#..)..#..'..#__#
').#..').#..'..+
#####'#####'#__####
####..#...#.####[§#
#__####..##§#(§§@§#
#_..__##'#..'≈§cc§+
#_.∩...'..._#§§§§§#
#_..._##_.#'##+####
#_____###+#)#
####### ###


You could see 2 centaur warriors.

Vanquished Creatures
  A slime creature (D)
  Sigmund (D)
  A yak (D)
  An ogre (D)
  Ijyb (D)
  A jelly (D)
6 creatures vanquished.

Notes
Turn   | Place    | Note
--------------------------------------------------------------
     0 | D        | Clownie the Troll Berserker began the quest for the Orb.
     0 | D        | Reached XP level 1. HP: 22/22 MP: 0/0
     1 | D        | Noticed Ijyb
    10 | D        | Killed Ijyb
    10 | D        | Reached skill level 6 in Unarmed Combat
    10 | D        | Reached XP level 2. HP: 29/29 MP: 1/1
   121 | D        | Noticed an ogre
   125 | D        | Killed an ogre
   125 | D        | Reached ** piety under Trog
   125 | D        | Reached skill level 9 in Unarmed Combat
   125 | D        | Reached XP level 3. HP: 36/36 MP: 2/2
   125 | D        | Reached XP level 4. HP: 44/44 MP: 3/3
   183 | D        | Noticed Sigmund
   191 | D        | Killed Sigmund
   191 | D        | Reached skill level 12 in Unarmed Combat
   191 | D        | Reached XP level 5. HP: 50/50 MP: 4/4
   191 | D        | Reached XP level 6. HP: 59/59 MP: 5/5
   238 | D        | Found a snail-covered altar of Cheibriados.
   238 | D        | Found a viscous altar of Jiyva.
   238 | D        | Found a shadowy altar of Dithmenos.
   238 | D        | Found a blossoming altar of Fedhas.
   238 | D        | Noticed a slime creature
   244 | D        | Killed a slime creature
   244 | D        | Reached skill level 14 in Unarmed Combat
   295 | D        | Found a deep blue altar of Sif Muna.
   295 | D        | Noticed a jelly
   297 | D        | Found a radiant altar of Vehumet.
   299 | D        | Killed a jelly
   299 | D        | Reached *** piety under Trog
   308 | D        | Found Deducef's Weapon Emporium.
   308 | D        | Found a white marble altar of Elyvilon.
   308 | D        | Found a stormy altar of Qazlal.
   308 | D        | Found a burning altar of Makhleb.
   308 | D        | Found a sacrificial altar of Ru.
   308 | D        | Found a basalt altar of Yredelemnul.
   308 | D        | Found a glowing golden altar of the Shining One.
   308 | D        | Found a sparkling altar of Nemelex Xobeh.
   308 | D        | Found a shimmering altar of Xom.
   308 | D        | Found an opulent altar of Gozag.
   308 | D        | Found an ancient bone altar of Kikubaaqudgha.
   308 | D        | Found a glowing silver altar of Zin.
   308 | D        | Noticed a yak
   310 | D        | Killed a yak
   310 | D        | Reached skill level 15 in Unarmed Combat
   310 | D        | Reached XP level 7. HP: 66/66 MP: 6/6
   311 | D        | Found an iron altar of Okawaru.
   312 | D        | Found a bloodstained altar of Trog.
   348 | D        | Noticed a centaur warrior
   350 | D        | Noticed a centaur warrior
   360 | D        | Mangled by a centaur warrior

Action                   |  1- 3 |  4- 6 |  7- 9 || total
-------------------------+-------+-------+-------++-------
Melee: Unarmed           |    11 |    14 |     6 ||    31
Invok: Berserk           |     1 |     1 |     1 ||     3
  Eat: Chunk             |       |     2 |       ||     2
